IL
OKLAHOMA CITY DODGERS @ EL PASO CHIHUAHUAS
05/06/2048
 
TOP OF THE 1ST
Oklahoma City Dodgers batting - Pitching for El Paso Chihuahuas : RHP Tom Ackerman
Pitching: RHP Tom Ackerman
Batting: RHB Curt Earnest 0-0: Called Strike
0-1: Foul Ball, location: 2F
0-2: Fly out, F8 (Flyball, 8RD, EV 108.8 MPH)
Batting: LHB Tony Morales 0-0: Called Strike
0-1: Ball
1-1: DOUBLE (Line Drive, 7LS, EV 101.9 MPH)
Batting: LHB Stephen Van Raalte 0-0: Foul Ball, location: 2F
0-1: Called Strike
0-2: Ball
1-2: Ball
2-2: Foul Ball, location: 2F
2-2: Strikes out swinging
Batting: LHB Jose Robles 0-0: Ball
1-0: Called Strike
1-1: Ball
2-1: Foul Ball, location: 2F
2-2: Ball
3-2: Foul Ball, location: 2F
3-2: Foul Ball, location: 2F
3-2: Strikes out swinging
Top of the 1st over - 0 runs, 1 hit, 0 errors, 1 left on base; Oklahoma City 0 - El Paso 0
BOTTOM OF THE 1ST
El Paso Chihuahuas batting - Pitching for Oklahoma City Dodgers : RHP Victor Torres
Pitching: RHP Victor Torres
Batting: LHB Angel Mejia 0-0: Foul Ball, location: 2F
0-1: Called Strike
0-2: Ground out 6-3 (Groundball, 4M, EV 78.1 MPH)
Batting: RHB Chase Briney 0-0: Ball
1-0: Called Strike
1-1: Called Strike
1-2: Strikes out swinging
Batting: RHB Eric Sandell 0-0: Ball
1-0: SINGLE (Flyball, 6D, EV 89.4 MPH)
Batting: RHB Roberto Lemus 0-0: Swinging Strike
0-1: Ball
1-1: Ball
2-1: Called Strike
2-2: Ball
Wild Pitch!
Eric Sandell to second
3-2: Base on Balls
Batting: LHB Carlos Cuellar 0-0: Ball
1-0: Ball
2-0: Fly out, F9 (Flyball, 89M, EV 88.1 MPH)
Bottom of the 1st over - 0 runs, 1 hit, 0 errors, 2 left on base; Oklahoma City 0 - El Paso 0
TOP OF THE 2ND
Oklahoma City Dodgers batting - Pitching for El Paso Chihuahuas : RHP Tom Ackerman
Batting: RHB Jeremy Giesler 0-0: SOLO HOME RUN (Flyball, 8LXD, EV 115.6 MPH), Distance : 456 ft
Batting: LHB Chris Raymond 0-0: Called Strike
0-1: Swinging Strike
0-2: Ball
1-2: Ball
2-2: Foul Ball, location: 2F
2-2: Ground out 6-3 (Groundball, 6, EV 105.0 MPH)
Batting: LHB Darrell Ortega 0-0: Called Strike
0-1: Ball
1-1: Ball
2-1: Swinging Strike
2-2: Foul Ball, location: 2F
2-2: Ball
3-2: SOLO HOME RUN (Flyball, 7LD, EV 94.4 MPH), Distance : 363 ft
Batting: RHB Carlos Talavera 0-0: Foul Ball, location: 2F
0-1: Called Strike
0-2: Strikes out looking
Batting: RHB Mike Zimmerly 0-0: SINGLE (Groundball, 23, EV 68.8 MPH) (infield hit)
Batting: RHB Curt Earnest 0-0: Called Strike
0-1: Called Strike
Mike Zimmerly is caught stealing 2nd base 2-4
Top of the 2nd over - 2 runs, 3 hits, 0 errors, 0 left on base; Oklahoma City 2 - El Paso 0
BOTTOM OF THE 2ND
El Paso Chihuahuas batting - Pitching for Oklahoma City Dodgers : RHP Victor Torres
Batting: RHB Andy Sheridan 0-0: Ball
1-0: Ball
2-0: Swinging Strike
2-1: Foul Ball, location: 2F
2-2: Ground out U3 (Groundball, 34S, EV 89.4 MPH)
Batting: LHB Anthony Mosley 0-0: Ball
1-0: Ball
2-0: Fly out, F7 (Flyball, 78M, EV 88.1 MPH)
Batting: RHB Kiril Emeshin 0-0: Called Strike
0-1: Ball
1-1: Ball
2-1: SINGLE (Groundball, 6MD, EV 105.6 MPH)
Batting: RHB Lamberto Amicis 0-0: Ball
1-0: Fielders Choice at 2nd, 5-4 (Groundball, 5, EV 100.6 MPH)
Bottom of the 2nd over - 0 runs, 1 hit, 0 errors, 1 left on base; Oklahoma City 2 - El Paso 0
TOP OF THE 3RD
Oklahoma City Dodgers batting - Pitching for El Paso Chihuahuas : RHP Tom Ackerman
Batting: RHB Curt Earnest 0-0: Ball
1-0: Swinging Strike
1-1: Foul Ball, location: 2F
1-2: Ball
2-2: Ball
3-2: Fly out, F9 (Flyball, 9LM, EV 88.8 MPH)
Batting: LHB Tony Morales 0-0: Called Strike
0-1: Called Strike
0-2: Foul Ball, location: 2F
0-2: Strikes out swinging
Batting: LHB Stephen Van Raalte 0-0: Ball
1-0: Ball
2-0: TRIPLE (Flyball, 78XD, EV 94.4 MPH)
Batting: LHB Jose Robles 0-0: Ball
1-0: Ball
2-0: Called Strike
2-1: Ball
3-1: Foul Ball, location: 2F
3-2: Foul Ball, location: 2F
3-2: Strikes out swinging
Top of the 3rd over - 0 runs, 1 hit, 0 errors, 1 left on base; Oklahoma City 2 - El Paso 0
BOTTOM OF THE 3RD
El Paso Chihuahuas batting - Pitching for Oklahoma City Dodgers : RHP Victor Torres
Batting: LHB Angel Mejia 0-0: Called Strike
0-1: Ball
1-1: Ball
2-1: Ground out 4-3 (Groundball, 4, EV 84.4 MPH)
Batting: RHB Chase Briney 0-0: Called Strike
0-1: Called Strike
0-2: Ball
1-2: Ball
2-2: Ground out U3 (Groundball, 34S, EV 68.1 MPH)
Batting: RHB Eric Sandell 0-0: Foul Ball, location: 2F
0-1: Ball
1-1: Foul Ball, location: 2F
1-2: Ground out 6-3 (Groundball, 6, EV 100.6 MPH)
Bottom of the 3rd over - 0 runs, 0 hits, 0 errors, 0 left on base; Oklahoma City 2 - El Paso 0
TOP OF THE 4TH
Oklahoma City Dodgers batting - Pitching for El Paso Chihuahuas : RHP Tom Ackerman
Batting: RHB Jeremy Giesler 0-0: Foul Ball, location: 2F
0-1: Foul Ball, location: 2F
0-2: Ball
1-2: Ball
2-2: Fly out, F8 (Flyball, 8RD, EV 98.8 MPH)
Batting: LHB Chris Raymond 0-0: Called Strike
0-1: Called Strike
0-2: Ball
1-2: Strikes out swinging
Batting: LHB Darrell Ortega 0-0: Swinging Strike
0-1: Ball
1-1: Ball
2-1: Foul Ball, location: 2F
2-2: Ground out 4-3 (Groundball, 4S, EV 88.8 MPH)
Top of the 4th over - 0 runs, 0 hits, 0 errors, 0 left on base; Oklahoma City 2 - El Paso 0
BOTTOM OF THE 4TH
El Paso Chihuahuas batting - Pitching for Oklahoma City Dodgers : RHP Victor Torres
Batting: RHB Roberto Lemus 0-0: Ball
1-0: Swinging Strike
1-1: Called Strike
1-2: Ball
2-2: Foul Ball, location: 2F
2-2: Strikes out looking
Batting: LHB Carlos Cuellar 0-0: SINGLE (Groundball, 34S, EV 70.0 MPH) (infield hit)
Batting: RHB Andy Sheridan 0-0: Ball
1-0: Grounds into double play, 5-4-3 (Groundball, 56, EV 103.8 MPH)
Bottom of the 4th over - 0 runs, 1 hit, 0 errors, 0 left on base; Oklahoma City 2 - El Paso 0
TOP OF THE 5TH
Oklahoma City Dodgers batting - Pitching for El Paso Chihuahuas : RHP Tom Ackerman
Batting: RHB Carlos Talavera 0-0: Ball
1-0: Called Strike
1-1: Ball
2-1: DOUBLE (Line Drive, 9LD, EV 100.0 MPH)
Batting: RHB Mike Zimmerly 0-0: Swinging Strike
0-1: Ball
1-1: Fly out, F9 (Flyball, 89M, EV 86.2 MPH)
Pitching: RHP Rich Reinbolt
Batting: RHB Curt Earnest 0-0: Called Strike
0-1: Ball
1-1: Ball
2-1: SINGLE (Line Drive, 8RS, EV 111.2 MPH)
Carlos Talavera to third
Runner from 3rd tries for Home, SAFE, throw by CF to home
Curt Earnest to second
Batting: LHB Tony Morales 0-0: Ball
1-0: Foul Ball, location: 2F
1-1: Swinging Strike
1-2: Ground out 4-3 (Groundball, 34D, EV 88.8 MPH)
Curt Earnest to third
Batting: LHB Stephen Van Raalte 0-0: Called Strike
0-1: Called Strike
0-2: Ball
1-2: Strikes out swinging
Top of the 5th over - 1 run, 2 hits, 0 errors, 1 left on base; Oklahoma City 3 - El Paso 0
BOTTOM OF THE 5TH
El Paso Chihuahuas batting - Pitching for Oklahoma City Dodgers : RHP Victor Torres
Batting: LHB Anthony Mosley 0-0: Called Strike
0-1: Swinging Strike
0-2: Foul Ball, location: 2F
0-2: Fly out, F7 (Line Drive, 7, EV 90.0 MPH)
Batting: RHB Kiril Emeshin 0-0: Ball
1-0: Ground out 6-3 (Groundball, 6M, EV 86.9 MPH)
Batting: RHB Lamberto Amicis 0-0: Ball
1-0: Called Strike
1-1: Ground out 6-3 (Groundball, 6, EV 83.1 MPH)
Bottom of the 5th over - 0 runs, 0 hits, 0 errors, 0 left on base; Oklahoma City 3 - El Paso 0
TOP OF THE 6TH
Oklahoma City Dodgers batting - Pitching for El Paso Chihuahuas : RHP Rich Reinbolt
Batting: LHB Jose Robles 0-0: Called Strike
0-1: Ball
1-1: Ball
2-1: Ball
3-1: Swinging Strike
3-2: Strikes out looking
Batting: RHB Jeremy Giesler 0-0: Swinging Strike
0-1: Foul Ball, location: 2F
0-2: Ball
1-2: Strikes out swinging
Batting: LHB Chris Raymond 0-0: Swinging Strike
0-1: Foul Ball, location: 2F
0-2: Ball
1-2: Ball
2-2: Foul Ball, location: 2F
2-2: Ball
3-2: Strikes out swinging
Top of the 6th over - 0 runs, 0 hits, 0 errors, 0 left on base; Oklahoma City 3 - El Paso 0
BOTTOM OF THE 6TH
El Paso Chihuahuas batting - Pitching for Oklahoma City Dodgers : RHP Victor Torres
Batting: LHB Angel Mejia 0-0: Called Strike
0-1: Foul Ball, location: 2F
0-2: Ball
1-2: Ball
2-2: Ball
3-2: Foul Ball, location: 2F
3-2: Foul Ball, location: 2F
3-2: Fly out, F8 (Flyball, 8LD, EV 84.4 MPH)
Batting: RHB Chase Briney 0-0: Ball
1-0: Ground out U3 (Groundball, 13, EV 84.4 MPH)
Batting: RHB Eric Sandell 0-0: Called Strike
0-1: Swinging Strike
0-2: Ball
1-2: Strikes out swinging
Bottom of the 6th over - 0 runs, 0 hits, 0 errors, 0 left on base; Oklahoma City 3 - El Paso 0
TOP OF THE 7TH
Oklahoma City Dodgers batting - Pitching for El Paso Chihuahuas : RHP Rich Reinbolt
Pitching: LHP Darby Jones
Batting: LHB Darrell Ortega 0-0: Called Strike
0-1: Ball
1-1: Ball
2-1: Ground out 5-3 (Groundball, 56S, EV 68.8 MPH)
Batting: RHB Carlos Talavera 0-0: Ball
1-0: SINGLE (Line Drive, 8LS, EV 95.6 MPH)
Batting: RHB Mike Zimmerly 0-0: Called Strike
0-1: Ball
1-1: Ball
2-1: Ball
3-1: Foul Ball, location: 2F
3-2: DOUBLE (Line Drive, 9LM, EV 96.2 MPH)
Carlos Talavera to third
Batting: RHB Curt Earnest 0-0: Called Strike
0-1: Foul Ball, location: 2F
0-2: Ball
1-2: Ball
2-2: Ground out 5-3 (Groundball, 56S, EV 95.0 MPH)
Carlos Talavera scores
Batting: LHB Tony Morales 0-0: Foul Ball, location: 2F
0-1: Called Strike
0-2: Strikes out swinging
Top of the 7th over - 1 run, 2 hits, 0 errors, 1 left on base; Oklahoma City 4 - El Paso 0
BOTTOM OF THE 7TH
El Paso Chihuahuas batting - Pitching for Oklahoma City Dodgers : RHP Victor Torres
Batting: RHB Roberto Lemus 0-0: Called Strike
0-1: Ball
1-1: Swinging Strike
1-2: Ground out 5-3 (Groundball, 5S, EV 83.1 MPH)
Batting: LHB Carlos Cuellar 0-0: Foul Ball, location: 2F
0-1: Called Strike
0-2: Ball
1-2: Foul Ball, location: 2F
1-2: Ball
2-2: Foul Ball, location: 2F
2-2: Strikes out looking
Batting: RHB Andy Sheridan 0-0: Foul Ball, location: 2F
0-1: Foul Ball, location: 2F
0-2: Ball
1-2: Ball
2-2: SINGLE (Groundball, 4MD, EV 105.0 MPH)
Batting: LHB Anthony Mosley 0-0: Fly out, F8 (Flyball, 8LD, EV 86.9 MPH)
Bottom of the 7th over - 0 runs, 1 hit, 0 errors, 1 left on base; Oklahoma City 4 - El Paso 0
TOP OF THE 8TH
Oklahoma City Dodgers batting - Pitching for El Paso Chihuahuas : LHP Darby Jones
Batting: LHB Stephen Van Raalte 0-0: SINGLE (Flyball, 7S, EV 93.1 MPH)
Batting: LHB Jose Robles 0-0: Swinging Strike
0-1: Swinging Strike
0-2: Grounds into double play, 3-6-3 (Groundball, 3, EV 81.9 MPH)
Batting: RHB Jeremy Giesler 0-0: Called Strike
0-1: Ground out 4-3 (Groundball, 4, EV 86.9 MPH)
Top of the 8th over - 0 runs, 1 hit, 0 errors, 0 left on base; Oklahoma City 4 - El Paso 0
BOTTOM OF THE 8TH
El Paso Chihuahuas batting - Pitching for Oklahoma City Dodgers : RHP Victor Torres
Batting: RHB Kiril Emeshin 0-0: Ball
1-0: Swinging Strike
1-1: Ball
2-1: Fly out, F7 (Flyball, 7, EV 86.2 MPH)
Batting: RHB Lamberto Amicis 0-0: Ball
1-0: Reached via error on a dropped throw from 3B, E3 (Groundball, 25, EV 81.2 MPH)
Batting: LHB Angel Mejia 0-0: Ball
1-0: SINGLE (Groundball, 3D, EV 111.2 MPH)
Lamberto Amicis to second
Runner from 2nd tries for 3rd, SAFE, no throw by RF
Pitching: RHP Craig Fallon
Batting: RHB Chase Briney 0-0: Swinging Strike
0-1: Foul Ball, location: 2F
0-2: Strikes out swinging
Batting: RHB Eric Sandell 0-0: Ball
1-0: Ball
2-0: Foul Ball, location: 2F
2-1: Swinging Strike
2-2: Fielders Choice at 2nd, 6-4 (Groundball, 6, EV 81.2 MPH)
Bottom of the 8th over - 0 runs, 1 hit, 1 error, 2 left on base; Oklahoma City 4 - El Paso 0
TOP OF THE 9TH
Oklahoma City Dodgers batting - Pitching for El Paso Chihuahuas : LHP Darby Jones
Pitching: RHP Ching Ge
Batting: LHB Chris Raymond 0-0: Fly out, F6 (Line Drive, 6M, EV 68.1 MPH)
Batting: LHB Darrell Ortega 0-0: Called Strike
0-1: Ball
1-1: SINGLE (Groundball, 4MD, EV 103.1 MPH)
Batting: RHB Carlos Talavera 0-0: Called Strike
0-1: Foul Ball, location: 2F
0-2: Foul Ball, location: 2F
0-2: Ball
1-2: Ball
2-2: Foul Ball, location: 2F
2-2: Ball
3-2: Foul Ball, location: 2F
3-2: Strikes out swinging
Darrell Ortega is caught stealing 2nd base 2-4
Batter strikes out.
Top of the 9th over - 0 runs, 1 hit, 0 errors, 0 left on base; Oklahoma City 4 - El Paso 0
BOTTOM OF THE 9TH
El Paso Chihuahuas batting - Pitching for Oklahoma City Dodgers : RHP Craig Fallon
Pitching: RHP Takashi Kashiwabara
Batting: RHB Roberto Lemus 0-0: Ground out 6-3 (Groundball, 56, EV 81.2 MPH)
Batting: LHB Carlos Cuellar 0-0: SINGLE (Groundball, 6M, EV 87.5 MPH) (infield hit)
Batting: RHB Andy Sheridan 0-0: Ball
Wild Pitch!
Carlos Cuellar to second
1-0: Ball
2-0: Called Strike
2-1: Ball
3-1: Called Strike
3-2: SINGLE (Line Drive, 56, EV 96.2 MPH)
Carlos Cuellar to third
Batting: LHB Anthony Mosley 0-0: Ball
1-0: Ball
2-0: DOUBLE (Line Drive, 78D, EV 97.5 MPH)
Carlos Cuellar scores
Andy Sheridan to third
Batting: RHB Kiril Emeshin 0-0: Called Strike
0-1: Fly out, F9 (Line Drive, 89M, EV 105.6 MPH)
Pinch Hitting: SHB Blake Abbott 0-0: Ball
1-0: Ball
2-0: Ball
3-0: Base on Balls
Batting: LHB Angel Mejia 0-0: Called Strike
0-1: Foul Ball, location: 2F
0-2: Strikes out looking
Bottom of the 9th over - 1 run, 3 hits, 0 errors, 3 left on base; Oklahoma City 4 - El Paso 1
Tuesday, March 28th , 2023 - OOTP Baseball 23.10 Build 110